[Event "Early-Titled-Tuesday-Blitz-June-18-2024"]
[Site "Chess.com"]
[Date "2024.06.18"]
[Round "6"]
[White "maracayo"]
[Black "koncheto"]
[Result "0-1"]
[WhiteElo "2408"]
[BlackElo "2632"]
[TimeControl "180+1"]
[EndTime "9:09:19 PDT"]
[Termination "koncheto won on time"]

1. e4 d5 2. d3 g6 3. Nf3 Bg7 4. Be2 Bg4 5. Nbd2 e6 6. O-O Ne7 7. c3 c5 8. exd5 Bxf3 9. Bxf3 exd5 10. Nb3 b6 11. Bg5 f6 12. Bf4 O-O 13. Re1 Nbc6 14. d4 c4 15. Nd2 b5 16. a4 b4 17. Qe2 Qd7 18. Qe6+ Qxe6 19. Rxe6 bxc3 20. bxc3 Rac8 21. Bd6 Rfe8 22. Rae1 Kf7 23. Bc5 f5 24. h4 Bf6 25.
h5 Rc7 26. hxg6+ hxg6 27. g4 Rd8 28. gxf5 Nxf5 29. Nf1 Ncxd4 30. cxd4 Bxd4 31. Bxd4 Nxd4 32. Bg4 Nxe6 33. Bxe6+ Kg7 34. Ne3 d4 35. Nxc4 Re8 36. Nd6 Ree7 37. f4 Rc6 0-1

[Event "Early-Titled-Tuesday-Blitz-June-18-2024"]
[Site "Chess.com"]
[Date "2024.06.18"]
[Round "6"]
[White "Veleamater"]
[Black "Seppppppy"]
[Result "1-0"]
[WhiteElo "2393"]
[BlackElo "2183"]
[TimeControl "180+1"]
[EndTime "9:09:19 PDT"]
[Termination "Veleamater won by resignation"]

1. g3 d5 2. Bg2 e5 3. d3 Nf6 4.
Nf3 Nbd7 5. O-O Bd6 6. h3 O-O 7. Nc3 c6 8. e4 d4 9. Ne2 c5 10.
Ne1 b5 11. f4 Bb7 12. f5 c4 13.
g4 Ne8 14. g5 f6 15. g6 h6 16. Ng3 Qe7 17. Nh1 Rc8 18. Nf2 b4 19. Qh5 b3 20.
axb3 cxb3 21. cxb3 Nc5 22. Bxh6 gxh6 23. Ng4 Qg7 24.
Nxh6+ Kh8 25. b4 Nb3 26. Rxa7 Rc7 27. Nf3 Bxb4 28. Nh2 Bd2 29. N2g4 Bxh6 30. Nxh6 Nd6 31. Nf7+ Kg8 32. Nxd6 Bc6 33. Rxc7 Qxc7 34. Nf7 Rxf7 35. gxf7+ Qxf7 36. Qxf7+ Kxf7 37. Bf3 Bb5 38. Bh5+ Kg7 39.
Rf3 Nc5 40. Rg3+ Kh6 41. Be2 Nb3 42. Rg6+ Kh7 43. Rxf6 Nc1 44. Bf1 Bxd3 45. Rc6 Ne2+ 46. Bxe2 Bxe2 47. Rc5 d3 48. Kf2 Bh5 49. Rxe5 d2 50.
Rd5 d1=Q 51. Rxd1 Bxd1 52. Ke3 Kg7 53. Kf4 Bc2 54. e5 Kf7 55. h4 Bd1 56. Kg5 Ke7 57.
h5 Bb3 58. e6 Kf8 59. Kf6 Ba4 60. h6 Kg8 61. b4 Kh7 62. Kf7 Kxh6 63. e7 Kg5 64. f6 Kf5 65. Kg7 Ke6 66. f7 Kxe7 67. f8=Q+ Kd7 68. Qc5 1-0

[Event "Early-Titled-Tuesday-Blitz-June-18-2024"]
[Site "Chess.com"]
[Date "2024.06.18"]
[Round "6"]
[White "Losingexperience"]
[Black "Angry_Twin"]
[Result "0-1"]
[WhiteElo "2767"]
[BlackElo "2923"]
[TimeControl "180+1"]
[EndTime "9:09:20 PDT"]
[Termination "Angry_Twin won on time"]

1. e4 c5 2. Nf3 d6 3. d4 cxd4 4.
Nxd4 Nf6 5. Nc3 a6 6. Bg5 e6 7.
Qf3 Nbd7 8. O-O-O h6 9. Be3 Qc7 10. Qg3 b5 11. a3 Bb7 12. Bd3 Ne5 13. f3 Rc8 14. Nb3 d5 15. Bf4 Nfd7 16. exd5 Bxd5 17. Rhe1 Bd6 18. Kb1 Bxb3 19. cxb3 g5 20. Bxe5 Bxe5 21. Qg4 Bxc3 22. Rxe6+ Kf8 23. Rxa6 Bg7 24. Ka2 Qe5 25. Rd2 Rd8 26. Bf5 Bf6 27. Bxd7 Kg7 28. Rad6 Ra8 29. R6d5 Qe1 30. Rd1 Qe2 31. R5d2 Qe5 32. Qc4 bxc4 0-1

[Event "Early-Titled-Tuesday-Blitz-June-18-2024"]
[Site "Chess.com"]
[Date "2024.06.18"]
[Round "6"]
[White "carokannlover213"]
[Black "evgchess5"]
[Result "0-1"]
[WhiteElo "2692"]
[BlackElo "2926"]
[TimeControl "180+1"]
[EndTime "9:09:22 PDT"]
[Termination "evgchess5 won by checkmate"]

1. e4 c5 2. Nf3 e6 3. d4 cxd4 4.
Nxd4 Nc6 5. Nc3 a6 6. Be3 Nf6 7. f4 Bb4 8. Nxc6 bxc6 9. Qd4 c5 10. Qd3 d5 11. exd5 exd5 12. O-O-O d4 13. a3 Ba5 14. b4 Bc7 15. Bf2 O-O 16. Ne2 Qe7 17. bxc5 Rb8 18. Bxd4 Bb7 19. Qe3 Ne4 20. Nc3 Qh4 21. g3 Nxg3 22.
hxg3 Qxh1 23. Bxa6 Qh6 24. Bd3 Bc6 25. Qf2 Rfe8 26.
a4 Ra8 27. Bb5 Ba5 28. Bxc6 Qxc6 29. Nb5 Bc7 30. Nxc7 Qxc7 31. Qf3 Rxa4 32. Bc3 Qxc5 33. Qe2 Raa8 34. Qd3 Rec8 35. Bd4 Qc6 36. Qd2 Ra2 37. Bb2 h6 38. Qd4 f6 39. f5 Qxc2# 0-1

[Event "Early-Titled-Tuesday-Blitz-June-18-2024"]
[Site "Chess.com"]
[Date "2024.06.18"]
[Round "6"]
[White "Oleg_Papayan"]
[Black "arctic_t00"]
[Result "1/2-1/2"]
[WhiteElo "2572"]
[BlackElo "2727"]
[TimeControl "180+1"]
[EndTime "9:09:23 PDT"]
[Termination "Game drawn by repetition"]

1. d4 Nf6 2. Nc3 d5 3. Bf4 a6 4.
e3 e6 5. a3 c5 6. Nf3 Nc6 7. Bd3 c4 8. Be2 b5 9. O-O Be7 10. Ne5 Bb7 11. Bf3 O-O 12. Re1 b4 13. Na4 Nxe5 14. dxe5 Nd7 15. axb4 Bxb4 16. c3 Be7 17. e4 Nc5 18. Nxc5 Bxc5 19. exd5 Bxd5 20. Bg3 Qb6 21. Bxd5 Rad8 22. b4 Be7 23. Qa4 exd5 24.
Qxa6 Qxa6 25. Rxa6 d4 26. cxd4 Bxb4 27. Rc1 Rxd4 28.
Ra4 c3 29. f4 h5 30. h4 Rc8 31. Kf2 Rd2+ 32. Kf3 Rb2 33. Be1 g6 34. g3 Kg7 35.
Ke3 Rb3 36. Ke4 Rb2 37. Kd3 Rb3 38. Kc2 Rb2+ 39. Kd3 Rb3 40. Kc2 Rb2+ 41. Kd3 1/2-1/2

[Event "Early-Titled-Tuesday-Blitz-June-18-2024"]
[Site "Chess.com"]
[Date "2024.06.18"]
[Round "6"]
[White "LeoLV10"]
[Black "edgarhay012"]
[Result "0-1"]
[WhiteElo "2545"]
[BlackElo "2688"]
[TimeControl "180+1"]
[EndTime "9:09:24 PDT"]
[Termination "edgarhay012 won by checkmate"]

1. e4 e6 2. d4 d5 3. e5 c5 4. c3 Qb6 5. Nf3 Nc6 6. a3 Nh6 7. b4 cxd4 8. cxd4 Nf5 9. Be3 f6 10.
exf6 gxf6 11. Nc3 Bd7 12. Bd3 Nxe3 13. fxe3 O-O-O 14. Na4 Qc7 15. Nc5 Kb8 16. Rc1 Qd6 17. O-O Bh6 18. Re1 Rhg8 19. Rc2 e5 20. dxe5 fxe5 21. Bb5 Bg4 22. Nxb7 Kxb7 23. Rxc6 Qd7 24.
Rb6+ axb6 25. Bxd7 Rxd7 26. Qa4 Re7 27. Nd2 Bh3 28. g3 Rf8 29. Qb5 d4 30. Nc4 Bxe3+ 31. Nxe3 dxe3 32. Qd5+ Ka7 33. Qb5 Ref7 34. Qa4+ Kb8 35.
Qb5 Kb7 36. Qd5+ Ka7 37. Qb5 Rf2 38. Qc4 R8f7 39. b5 e2 40. Qa4+ Kb8 41. Qf4 Rf1+ 42. Rxf1 exf1=Q+ 43. Qxf1 Rxf1# 0-1

[Event "Early-Titled-Tuesday-Blitz-June-18-2024"]
[Site "Chess.com"]
[Date "2024.06.18"]
[Round "6"]
[White "JosefineHeinemann"]
[Black "LuisFSiles"]
[Result "1-0"]
[WhiteElo "2486"]
[BlackElo "2330"]
[TimeControl "180+1"]
[EndTime "9:09:24 PDT"]
[Termination "JosefineHeinemann won on time"]

1. e4 c5 2. c3 d5 3. exd5 Qxd5 4.
d4 Nc6 5. Nf3 Bf5 6. Be3 cxd4 7.
Nxd4 Nf6 8. Nxf5 Qxf5 9. Bd3 Qg4 10. O-O Qxd1 11. Rxd1 e6 12. Nd2 Nd5 13. Bg5 Be7 14.
Bxe7 Kxe7 15. Ne4 Rhd8 16. g3 Nf6 17. Nc5 b6 18. Nb3 Ne5 19. Be2 Rxd1+ 20. Rxd1 Rd8 21. Rxd8 Kxd8 22. Nd4 Ne4 23. f4 Nd7 24. Nc6+ Kc7 25.
Nxa7 Ndc5 26. Kg2 Na4 27. Nb5+ Kc6 28. Nd4+ Kd5 29. Bb5 Naxc3 30. bxc3 Nxc3 31. Be8 Kxd4 32. Bxf7 Nxa2 33. Bxe6 Nc1 34. g4 b5 35. g5 g6 36.
h4 b4 37. f5 gxf5 38. h5 Ke5 39. Bg8 b3 40. Bxb3 Nxb3 41. h6 Nd4 42. g6 Ne6 43. g7 1-0

[Event "Early-Titled-Tuesday-Blitz-June-18-2024"]
[Site "Chess.com"]
[Date "2024.06.18"]
[Round "6"]
[White "GOGIEFF"]
[Black "Kirill_Klukin"]
[Result "1-0"]
[WhiteElo "3025"]
[BlackElo "2880"]
[TimeControl "180+1"]
[EndTime "9:09:25 PDT"]
[Termination "GOGIEFF won by resignation"]

1. c4 c5 2. Nf3 g6 3. d4 cxd4 4. Nxd4 Bg7 5. Nc3 Nc6 6. Nc2 d6 7. e4 Be6 8. Be2 Rc8 9. Bd2 a6 10. O-O Na5 11. b3 b5 12. Ne3 bxc4 13. bxc4 Nxc4 14. Nxc4 Bxc4 15. Rc1 Bxe2 16. Qxe2 Nf6 17. Qxa6 O-O 18. a4 Ra8 19. Qc4 Nd7 20. Nd5 e6 21.
Nc7 Ne5 22. Qa2 Rc8 23. Nb5 Qb6 24. Be3 Qa6 25. Qb3 Ra8 26. Ra1 Rfc8 27. Rfd1 Nc4 28.
Bd4 Bxd4 29. Rxd4 d5 30. exd5 exd5 31. h4 h5 32. Rxd5 Qf6 33. Rad1 Qxh4 34. R5d4 Na5 35. Qxf7+ Kxf7 36. Rxh4 Rd8 37. Rf4+ Kg7 38. Nd4 Kh6 39.
Rb1 Rd6 40. Nf3 Rad8 41. Rf7 Nc6 42. Rbb7 Rh8 43. Rb6 g5 44. Ne5 Rhd8 45. Rxc6 Rxc6 46. Nxc6 Kg6 47. Nxd8 1-0

[Event "Early-Titled-Tuesday-Blitz-June-18-2024"]
[Site "Chess.com"]
[Date "2024.06.18"]
[Round "6"]
[White "atbenina64"]
[Black "amintabatabaei"]
[Result "1-0"]
[WhiteElo "2846"]
[BlackElo "3036"]
[TimeControl "180+1"]
[EndTime "9:09:26 PDT"]
[Termination "atbenina64 won by resignation"]

1. c4 g6 2. g3 Bg7 3. Bg2 c5 4. Nc3 Nc6 5. d3 Rb8 6. Qd2 a6 7.
b3 Nf6 8. Bb2 O-O 9. e3 d6 10.
Nge2 Bd7 11. O-O b5 12. Rab1 b4 13. Nd5 Nxd5 14. Bxd5 Bxb2 15. Qxb2 e6 16. Bg2 Qe7 17. d4 a5 18. Rbd1 Rfd8 19. Nf4 Be8 20. d5 exd5 21. Nxd5 Qe5 22. Nf6+ Kg7 23. Qxe5 Nxe5 24. Nxe8+ Rxe8 25. Rxd6 a4 26. Rd5 Rbc8 27. h3 f5 28. Rfd1 Re7 29.
f4 Nf7 30. Kf2 Rce8 31. R1d3 axb3 32. axb3 Rc8 33. Rd7 Rc7 34. Rxe7 Rxe7 35. Rd5 Rc7 36. g4 Kf6 37. Bf1 Ke6 38. Bd3 Nd6 39. Re5+ Kf6 40. Kf3 Rc6 41. Rd5 Ke6 42. gxf5+ gxf5 43. Kg3 Ra6 44.
Rxc5 Ra3 45. Re5+ Kf6 46. c5 Rxb3 47. Rd5 Ne4+ 48. Kf3 Nd2+ 49. Ke2 Ne4 50. Bxe4 fxe4 51. Re5 Rb1 52. Rxe4 b3 53. Rb4 b2 54. Kd2 Ke6 55. Kc2 Re1 56. Re4+ Kd5 57. Re5+ Kc4 58. Kxb2 Re2+ 59.
Ka3 Rc2 60. f5 Kd3 61. f6 Rf2 62. Re6 Kc4 63. c6 Kd5 64. c7 Rc2 65. Re7 Kd6 66. e4 1-0

[Event "Early-Titled-Tuesday-Blitz-June-18-2024"]
[Site "Chess.com"]
[Date "2024.06.18"]
[Round "6"]
[White "Cmorales2001"]
[Black "Xavier_mompel"]
[Result "1/2-1/2"]
[WhiteElo "2325"]
[BlackElo "2434"]
[TimeControl "180+1"]
[EndTime "9:09:26 PDT"]
[Termination "Game drawn by repetition"]

1. e4 c5 2. Nf3 d6 3. Bb5+ Nd7 4. c3 Nf6 5. Bd3 e6 6. O-O Be7 7. Re1 a6 8. Bf1 b5 9. d4 e5 10. a4 bxa4 11. d5 Nb6 12. Na3 O-O 13. Nc4 Nxc4 14. Bxc4 Bd7 15. Nxe5 dxe5 16. d6 Bc6 17.
dxe7 Qxe7 18. Bg5 h6 19. Bxf6 Qxf6 20. Bd3 Rfd8 21. Qe2 a5 22. Bc2 Qf4 23. g3 Qd2 24. Bxa4 Bxa4 25. Rxa4 Rab8 26. Rxa5 Rxb2 27. Qxd2 Rdxd2 28. Rf1 Re2 29. Ra4 Rbc2 30. Rc4 g5 31. h3 h5 32. g4 hxg4 33. hxg4 Kg7 34. Kg2 Kf6 35. Kf3 Red2 36. Rxc5 Rd3+ 37. Kg2 Rcxc3 38. Rxc3 Rxc3 39. Rd1 Ke6 40. Ra1 f6 41. f3 Rc2+ 42. Kg3 Rc3 43. Ra6+ Kf7 44. Ra7+ Kg6 45. Ra6 Rc2 46. Ra7 Rc3 47.
Ra6 Rc2 48. Ra7 Rc3 1/2-1/2

[Event "Early-Titled-Tuesday-Blitz-June-18-2024"]
[Site "Chess.com"]
[Date "2024.06.18"]
[Round "6"]
[White "campochess"]
[Black "sachiniranasinghe"]
[Result "0-1"]
[WhiteElo "2194"]
[BlackElo "1915"]
[TimeControl "180+1"]
[EndTime "9:09:26 PDT"]
[Termination "sachiniranasinghe won on time"]

1. e4 c5 2. b4 cxb4 3. d4 d5 4.
exd5 Qxd5 5. c4 Qe4+ 6. Ne2 Bd7 7.
Nd2 Qg6 8. Nf3 e6 9. g3 Bd6 10. Bg2 Nc6 11. O-O Nge7 12. d5 exd5 13. cxd5 Ne5 14.
Nfd4 Qd3 15. Qxd3 Nxd3 16. Be3 O-O 17. Rfd1 Ne5 18. h3 Nc4 19. Bf4 Bxf4 20. Nxf4 Nd6 21. Nd3 a5 22. Ne5 Ba4 23. Re1 Nef5 24. Ndf3 f6 25. Nd3 Rac8 26. Nf4 Bd7 27. g4 Nh6 28. Nd4 Rfe8 29. Nfe6 Nhf7 30. Nb3 b6 31. Nbd4 Ne5 32.
Rad1 Ba4 33. Rd2 Ndc4 34. Rde2 Nd3 35. Rb1 Na3 36. Be4 Nxb1 37. Bxd3 Nc3 38. Rd2 Nxd5 39. Bf5 Rc1+ 40. Kh2 Nc3 41. Nc7 Rd8 42. Be6+ Kh8 43. f4 Rd1 44. Rxd1 Bxd1 45. Nf5 Rd2+ 46. Kg3 Rxa2 47. Ne3 Re2 48. Nc4 b3 0-1

[Event "Early-Titled-Tuesday-Blitz-June-18-2024"]
[Site "Chess.com"]
[Date "2024.06.18"]
[Round "6"]
[White "dosto07"]
[Black "howitzer14"]
[Result "0-1"]
[WhiteElo "2621"]
[BlackElo "3027"]
[TimeControl "180+1"]
[EndTime "9:09:27 PDT"]
[Termination "howitzer14 won on time"]

1. e4 e6 2. d4 d5 3. Nd2 a6 4. Ngf3 Nf6 5. Bd3 c5 6. exd5 exd5 7. dxc5 Bxc5 8. O-O O-O 9. Nb3 Bb6 10. Re1 h6 11.
Be3 Bc7 12. Bc5 Re8 13. Rxe8+ Qxe8 14. Qe1 Be6 15. Nbd4 Nbd7 16. Bb4 Rc8 17. Rd1 Bb8 18. Bc3 Nc5 19. Bf5 Nce4 20. Bb4 Bxf5 21. Nxf5 Rxc2 22. Ne7+ Kh7 23. Nxd5 Nxd5 24. Rxd5 Rxb2 25. Bc3 Rc2 26. Be5 Nf6 27. Qb1 Nxd5 28. Qxc2+ Kg8 29. Bxb8 Qxb8 30. g3 Qc7 31. Qe4 Nf6 32. Qf5 b5 33. Ne5 b4 34. f4 a5 35. Qd3 Qc5+ 36. Kg2 Nd5 37. Qf3 a4 38. Kh3 Qc8+ 39. g4 Nf6 40.
f5 Qb8 41. Qe3 b3 42. axb3 axb3 43. Nc6 Qb5 44. Ne7+ Kh7 0-1

[Event "Early-Titled-Tuesday-Blitz-June-18-2024"]
[Site "Chess.com"]
[Date "2024.06.18"]
[Round "6"]
[White "kingnb"]
[Black "axvesik"]
[Result "1-0"]
[WhiteElo "2694"]
[BlackElo "2553"]
[TimeControl "180+1"]
[EndTime "9:09:28 PDT"]
[Termination "kingnb won on time"]

1. d4 Nf6 2. Nf3 e6 3. Nbd2 d5 4. e3 c5 5. c3 Nc6 6. Bd3 Bd6 7. O-O O-O 8. Qe2 e5 9. dxc5 Bxc5 10. e4 Bg4 11.
exd5 Qxd5 12. Ne4 Be7 13. h3 Bh5 14. Nxf6+ Bxf6 15. Be4 Qe6 16. Rd1 Rfd8 17. Be3 Be7 18.
Qb5 Rd7 19. Rxd7 Qxd7 20. Nxe5 Nxe5 21. Qxe5 Bg6 22. Bf3 Bf6 23. Qf4 Qb5 24. b3 Bxc3 25. Rc1 Be5 26. Qc4 Qd7 27. Qd5 Qxd5 28. Bxd5 h6 29.
Bxb7 Rb8 30. Ba6 Rd8 31. Bxa7 Rd2 32. a4 Rb2 33. Bc4 Bc2 34. Re1 Bf6 35. Re8+ Kh7 36.
Re3 Bg5 37. Rc3 Bf5 38. Bd3 Bxd3 39. Rxd3 Bf6 40. g3 Kg6 41. a5 Kf5 42. Re3 Bg5 43.
Rc3 Bf6 44. Re3 Bg5 45. Rf3+ Ke6 46. Bb6 Bf6 47. a6 Ra2 48. a7 Kd5 49. Re3 Kc6 50.
Re8 Kb7 51. Rb8+ 1-0

[Event "Early-Titled-Tuesday-Blitz-June-18-2024"]
[Site "Chess.com"]
[Date "2024.06.18"]
[Round "6"]
[White "Timerkhanov"]
[Black "mitrabhaa"]
[Result "0-1"]
[WhiteElo "2712"]
[BlackElo "2962"]
[TimeControl "180+1"]
[EndTime "9:09:29 PDT"]
[Termination "mitrabhaa won by checkmate"]

1. d4 g6 2. e4 Bg7 3. Nc3 d6 4. Be3 Nf6 5. f3 c6 6. a4 a5 7. Qd2 Na6 8. Nge2 O-O 9. h4 h5 10. g3 Nb4 11. Bg2 e5 12. O-O Qe7 13. Rad1 Nd7 14.
d5 Nc5 15. Rde1 cxd5 16. exd5 Bf5 17. Bxc5 dxc5 18. Ne4 c4 19. Rd1 Rfd8 20. d6 Qd7 21. N2c3 Ra6 22. Nb5 Rc6 23. Rf2 Kh8 24. Kh2 Bf8 25.
Qg5 Bg7 26. Rfd2 Rf8 27. Qe3 b6 28. Re2 f6 29. Rf1 Kh7 30. Ref2 Qe6 31. g4 Bxe4 32.
Qxe4 f5 33. gxf5 gxf5 34. Qe2 Nd5 35. f4 e4 36. Qxh5+ Bh6 37. Rd1 Ne3 38. d7 Nxd1 39.
Qxd1 Rd8 40. Kh1 Rxd7 41. Qh5 Qg6 42. Qe2 Qg3 43. c3 Bxf4 44. Kg1 Be3 45. Qh5+ Kg7 46. Qxf5 Rd1# 0-1

[Event "Early-Titled-Tuesday-Blitz-June-18-2024"]
[Site "Chess.com"]
[Date "2024.06.18"]
[Round "6"]
[White "Forge13"]
[Black "Erdnya15"]
[Result "0-1"]
[WhiteElo "2671"]
[BlackElo "2520"]
[TimeControl "180+1"]
[EndTime "9:09:31 PDT"]
[Termination "Erdnya15 won by checkmate"]

1. e4 c5 2. Nf3 d6 3. c3 Nf6 4. h3 g6 5. Bd3 Bg7 6. Bc2 e5 7. O-O O-O 8. d4 cxd4 9. cxd4 Nc6 10. d5 Nb4 11. Nc3 Nxc2 12. Qxc2 Bd7 13. a4 Rc8 14. Qb3 b6 15. Nd2 Ne8 16. Re1 f5 17. Nc4 Qh4 18.
Nb5 f4 19. Ncxd6 Nxd6 20. Nxd6 f3 21. Nxc8 Bxh3 22. d6+ Kh8 23. Qxf3 Rxf3 24. gxf3 Qh5 25. Ra3 Bxc8 26. Rc3 Bd7 27. Kg2 Qh3+ 28. Kg1 Bf6 29. Rc7 Qxf3 30. Rc3 Qg4+ 31. Rg3 Qe6 32. Rd3 Bxa4 33.
Be3 Bb5 34. Rd2 Bd7 35. f3 Bh4 36. Rc1 Bd8 37. Kg2 Qh3+ 38. Kf2 Bh4+ 39. Ke2 Bb5+ 40. Rd3 Qg2+ 41. Kd1 Bxd3 42. d7 Qe2# 0-1

[Event "Early-Titled-Tuesday-Blitz-June-18-2024"]
[Site "Chess.com"]
[Date "2024.06.18"]
[Round "6"]
[White "dropstoneDP"]
[Black "FabianoCaruana"]
[Result "0-1"]
[WhiteElo "2985"]
[BlackElo "3137"]
[TimeControl "180+1"]
[EndTime "9:09:32 PDT"]
[Termination "FabianoCaruana won by resignation"]

1. e4 c6 2. d4 d5 3. Nd2 dxe4 4.
Nxe4 Nf6 5. Qd3 Na6 6. a3 Nc7 7.
Nf3 Nxe4 8. Qxe4 Qd5 9. Bd3 Qxe4+ 10. Bxe4 g6 11. h4 Bg7 12. h5 Bf5 13. Bxf5 gxf5 14. h6 Bf6 15. Rh5 e6 16. Bg5 Ke7 17. Ne5 Rhg8 18.
Bxf6+ Kxf6 19. g3 Rad8 20. O-O-O c5 21. c3 cxd4 22. cxd4 Nb5 23. Nf3 Nd6 24. d5 Ne4 25. dxe6 fxe6 26. Rxd8 Rxd8 27. Rh2 b5 28. Kc2 a5 29.
Rg2 b4 30. axb4 axb4 31. g4 b3+ 32. Kc1 Rc8+ 33. Kd1 Rc2 34. g5+ Kf7 35. g6+ hxg6 36. Ne5+ Kg8 37. Rxg6+ Kh7 38. Rxe6 Rxb2 39. Rb6 Nc3+ 40.
Ke1 Re2+ 41. Kf1 Rxe5 42. Rxb3 Ne4 43. Rb6 Rd5 44. Ke2 Rd2+ 45. Ke3 Rxf2 46. Re6 Rf1 47. Ke2 Ng3+ 48. Ke3 Re1+ 0-1

[Event "Early-Titled-Tuesday-Blitz-June-18-2024"]
[Site "Chess.com"]
[Date "2024.06.18"]
[Round "6"]
[White "FairChess_on_YouTube"]
[Black "Durarbayli"]
[Result "1/2-1/2"]
[WhiteElo "3118"]
[BlackElo "2955"]
[TimeControl "180+1"]
[EndTime "9:09:33 PDT"]
[Termination "Game drawn by repetition"]

1. c4 c5 2. Nc3 Nf6 3. g3 e6 4. Nf3 b6 5. Bg2 Bb7 6. O-O Be7 7. b3 O-O 8. Bb2 d5 9. cxd5 Nxd5 10. d4 cxd4 11.
Nxd5 Qxd5 12. Rc1 Na6 13. Qxd4 Qxd4 14. Nxd4 Bxg2 15. Kxg2 Bf6 16. e3 Rfc8 17. Rfd1 Nb4 18. a3 Rxc1 19. Bxc1 Nd5 20. Bb2 Rc8 21. e4 Ne7 22. f4 e5 23. Nf3 exf4 24. Bxf6 gxf6 25. gxf4 Ng6 26. Kg3 Rc3 27. Rd7 a5 28. h4 h5 29.
Rd5 Rxb3 30. Rxh5 Ne7 31. Kg4 f5+ 32. exf5 f6 33. Nd4 Rxa3 34. Rh6 Kg7 35. Rh5 Ra1 36. Ne6+ Kg8 37. Rh6 Rg1+ 38. Kf3 Nxf5 39. Rxf6 Nxh4+ 40. Ke4 a4 41. Rf8+ Kh7 42. Ng5+ Kg7 43. Ne6+ Kh7 44. Ng5+ Kg7 45. Ne6+ Kh7 1/2-1/2

[Event "Early-Titled-Tuesday-Blitz-June-18-2024"]
[Site "Chess.com"]
[Date "2024.06.18"]
[Round "6"]
[White "JanMur7"]
[Black "Nf3c5"]
[Result "0-1"]
[WhiteElo "2249"]
[BlackElo "2596"]
[TimeControl "180+1"]
[EndTime "9:09:34 PDT"]
[Termination "Nf3c5 won by checkmate"]

1. c4 c5 2. Nc3 g6 3. g3 Bg7 4. Bg2 Nc6 5. e3 h5 6. h4 a6 7. Nge2 b5 8. cxb5 axb5 9. Nxb5 Ba6 10. Nbc3 Nb4 11. Nf4 Nh6 12. a3 Nd3+ 13. Nxd3 Bxd3 14. Qf3 Rb8 15. e4 c4 16. Bf1 Ng4 17. Bxd3 Ne5 18. Qe3 Nxd3+ 19. Kf1 Qa5 20. Nd5 e6 21. Nf4 Bh6 22. b4 Qe5 23. Nxd3 cxd3 24. Qa7 O-O 25. Rb1 Qxe4 26. Kg1 Rbc8 27. Bb2 Bxd2 28. Qd4 Qxd4 29. Bxd4 Bc3 30. Bc5 Rfd8 31. Rd1 d6 32. Bb6 Rd7 33.
Rxd3 Bb2 34. a4 e5 35. a5 e4 36. Rd5 Rc4 37. Kg2 Rxb4 38. Rb1 Bc3 39. Rb3 Rxb3 40. a6 Ra3 41. Bd4 Bxd4 42. Rxd4 Rxa6 43. Rxe4 d5 44. Re8+ Kg7 45. Rc8 d4 46. Rc2 Rad6 47.
Rd2 d3 48. Rd1 Re6 49. Rd2 Re2 50. Rd1 d2 51. Kf3 Re1 52. Rxd2 Rxd2 53. Kg2 Ree2 54. Kh3 Rxf2 55. g4 Rf3# 0-1

[Event "Early-Titled-Tuesday-Blitz-June-18-2024"]
[Site "Chess.com"]
[Date "2024.06.18"]
[Round "6"]
[White "ozates"]
[Black "FredddieCroderg"]
[Result "1-0"]
[WhiteElo "2632"]
[BlackElo "2327"]
[TimeControl "180+1"]
[EndTime "9:09:35 PDT"]
[Termination "ozates won by resignation"]

1. e4 c6 2. d4 d5 3. exd5 cxd5 4. c4 Nf6 5. Nc3 e6 6. Nf3 Be7 7. a3 O-O 8. Bd3 dxc4 9. Bxc4 b6 10. d5 exd5 11. Nxd5 Bb7 12. Nxe7+ Qxe7+ 13. Be3 Ng4 14. O-O Qc7 15. Qd4 Bxf3 16. Bf4 Rd8 17. Rfe1 Nc6 18.
Qxg7+ Kxg7 19. Bxc7 Rd4 20. gxf3 Rxc4 21. fxg4 Rxg4+ 22. Kh1 Rc8 23. Bg3 Nd4 24. Be5+ f6 25. Bxd4 Rxd4 26. Re7+ Kg6 27. Rg1+ Kf5 28. Rxh7 Rc2 29. Rh5+ Ke6 30. Re1+ Kd6 31. Rf5 Rxb2 32. Rxf6+ Kc5 33.
Kg2 Rd3 34. Rf3 Rxf3 35. Kxf3 a5 36. h4 b5 37. h5 Rb3+ 38. Kg4 Rxa3 39. h6 Rd3 40. h7 Rd8 41. Kg5 b4 42. f4 b3 43.
f5 a4 44. f6 a3 45. f7 b2 46. Re8 Rxe8 47. fxe8=Q b1=Q 48. Qe5+ Kb4 49. Qb8+ 1-0

[Event "Early-Titled-Tuesday-Blitz-June-18-2024"]
[Site "Chess.com"]
[Date "2024.06.18"]
[Round "6"]
[White "Schattman"]
[Black "AniJak"]
[Result "1-0"]
[WhiteElo "2502"]
[BlackElo "2349"]
[TimeControl "180+1"]
[EndTime "9:09:35 PDT"]
[Termination "Schattman won on time"]

1. Nf3 f5 2. d3 d6 3. e4 e5 4. exf5 Bxf5 5. d4 e4 6. Nfd2 Nf6 7. Be2 Be7 8. O-O O-O 9. Nc4 d5 10.
Ne3 Bg6 11. c4 c6 12. Nc3 Bb4 13. Bd2 Bxc3 14. Bxc3 Nbd7 15. cxd5 cxd5 16. Rc1 a5 17. a4 Nb6 18. h3 h6 19. b3 Nc8 20. Qd2 Nd6 21. Ng4 Nxg4 22. Bxg4 Bf5 23. Be2 Be6 24. Bb2 b6 25. Ba3 Rf6 26. Rc6 Nf5 27. Rfc1 Rg6 28. Bh5 e3 29. fxe3 Rf6 30. Bg4 Qe8 31. Rf1 Qxc6 32.
e4 dxe4 33. Bb2 Qd5 34. Be2 Raf8 35. Bc4 Qd7 36. d5 Bxd5 37. Bxf6 Rxf6 38. Qxd5+ Qxd5 39. Bxd5+ Kh7 40. Bxe4 g6 41. g4 Re6 42. Bxf5 gxf5 43.
Rxf5 Re3 44. Rb5 Rxh3 45. Kg2 1-0

[Event "Early-Titled-Tuesday-Blitz-June-18-2024"]
[Site "Chess.com"]
[Date "2024.06.18"]
[Round "6"]
[White "ArtemDyachuk"]
[Black "banjadvorovi"]
[Result "1-0"]
[WhiteElo "2638"]
[BlackElo "2428"]
[TimeControl "180+1"]
[EndTime "9:09:36 PDT"]
[Termination "ArtemDyachuk won by resignation"]

1. e4 c5 2. Nf3 Nc6 3. Bb5 g6 4. O-O Bg7 5. Re1 Nd4 6. Nxd4 cxd4 7. c3 a6 8. Bf1 d6 9. cxd4 Bxd4 10. Nc3 Bg7 11. d4 Nf6 12. Qf3 O-O 13. h3 Bd7 14. Bf4 Rc8 15. e5 dxe5 16. dxe5 Bc6 17. exf6 Bxf3 18. fxg7 Kxg7 19. gxf3 e6 20. Rad1 Qa5 21.
Be5+ f6 22. Bg3 e5 23. Rd7+ Rf7 24. Red1 Rc7 25. Rd8 Rf8 26. R8d6 Rff7 27. a3 Qc5 28. R1d5 Qa7 29. Ne4 Rce7 30. b4 Qb8 31. Bc4 Rc7 32. Nc5 Kh6 33. Bf1 Qc8 34. f4 Qf5 35. fxe5 fxe5 36.
Rxe5 Qc2 37. Re4 Rce7 38. Rh4+ Kg7 39. Ne6+ Rxe6 40. Rxe6 g5 41. Rd4 Qf5 42. Be5+ Kg8 43. Re8+ Rf8 44. Bc4+ 1-0

[Event "Early-Titled-Tuesday-Blitz-June-18-2024"]
[Site "Chess.com"]
[Date "2024.06.18"]
[Round "6"]
[White "MaestroCheck"]
[Black "SilverCityIndigo"]
[Result "1-0"]
[WhiteElo "2633"]
[BlackElo "2408"]
[TimeControl "180+1"]
[EndTime "9:09:36 PDT"]
[Termination "MaestroCheck won by resignation"]

1. e4 Na6 2. Nc3 c6 3. d4 Nc7 4. d5 Nf6 5. Nf3 d6 6. dxc6 bxc6 7. e5 Nfd5 8. Nxd5 Nxd5 9. Bc4 Ba6 10. Bxa6 Qa5+ 11.
Bd2 Qxa6 12. Qe2 Qxe2+ 13. Kxe2 h6 14. c4 Nb6 15. Rac1 Kd7 16. Ba5 g5 17. h3 Bg7 18.
Rhd1 c5 19. b4 Ke6 20. exd6 exd6 21. Kf1 Na4 22. Rd5 Nb2 23. bxc5 Nxc4 24. Rd3 Nxa5 25. Rxd6+ Ke7 26. Re1+ Kf8 27. Rd7 Rc8 28. Rxa7 Nc6 29.
Rb7 Bc3 30. Rd1 Kg7 31. Rdd7 Rhf8 32. a4 Bb4 33. Rb5 Ba3 34. Rd3 Bb4 35. Rd6 Bc3 36. Rb6 Na5 37. Rd5 Rfd8 38. Rf5 Nc4 39. Rb7 Rf8 40. Ke2 Kg8 41. Kd3 Ba5 42. Kxc4 Rcd8 43. Ne5 Rde8 44. Nxf7 Bd8 45. Nxh6+ Kh8 46. Rxf8+ Rxf8 47. Nf7+ Kg8 48. Nxd8 Rxd8 49. Kb5 Rd2 50. Kc6 Rxf2 51.
Kc7 Rc2 52. c6 g4 53. hxg4 Rxg2 54. Rb4 Rc2 55. Kb7 Ra2 56. c7 Rf2 57. c8=Q+ Kg7 58. Qc7+ Kh6 59. Qb6+ Kg5 60. Qxf2 1-0

[Event "Early-Titled-Tuesday-Blitz-June-18-2024"]
[Site "Chess.com"]
[Date "2024.06.18"]
[Round "6"]
[White "Prizant_academy"]
[Black "aa175"]
[Result "0-1"]
[WhiteElo "2976"]
[BlackElo "2869"]
[TimeControl "180+1"]
[EndTime "9:09:37 PDT"]
[Termination "aa175 won on time"]

1. d4 d5 2. c4 e6 3. Nf3 Nf6 4. e3 b6 5. b3 Bb7 6. Bd3 Bb4+ 7. Nbd2 Ne4 8. O-O Nd7 9. Bb2 f5 10. Rc1 O-O 11. a3 Bd6 12. cxd5 exd5 13. Ne5 c5 14. f4 Rc8 15. Ndf3 Ndf6 16. Qe2 Qe7 17.
a4 a5 18. Rfd1 Kh8 19. Ba1 Rc7 20. Ba6 Ba8 21. Bb2 Rd8 22. h3 Nh5 23. Qe1 Ra7 24. Bd3 Nhg3 25. Ng5 Bxe5 26. dxe5 h6 27. Nxe4 Nxe4 28.
Bxe4 dxe4 29. Rxd8+ Qxd8 30. e6 Qe8 31. Rd1 Qxe6 32.
Qh4 Kh7 33. Qd8 Qxb3 34. Be5 Qxe3+ 35. Kh2 Qb3 36. Rd6 Qf7 37. Qxb6 e3 38. Qxc5 Be4 39. Qxe3 Rd7 40. Rb6 Rd3 41. Qf2 Qd5 42.
Ra6 Rd2 43. Qe3 Rxg2+ 44. Kh1 Qd1+ 0-1